 Dungeon Crawl Stone Soup version 0.19.0-22-gd96e5fe (webtiles) character file.

3420 McCoppin the Covert (level 10, -3/72 HPs)
             Began as an Octopode Fighter on Nov 18, 2016.
             Was a Priest of Kikubaaqudgha.
             Slain by a hippogriff (5 damage)
             ... on level 10 of the Dungeon on Nov 19, 2016.
             The game lasted 00:26:28 (9859 turns).

McCoppin the Covert (Octopode Fighter)              Turns: 9859, Time: 00:26:29

Health: -3/72      AC:  1    Str: 17    XL:     10   Next: 5%
Magic:  10/10      EV: 12    Int: 10    God:    Kikubaaqudgha [***...]
Gold:   354        SH:  9    Dex: 14    Spells: 1 memorised, 6 levels left

rFire  . . .     SeeInvis .     a - +4 long sword (freeze)
rCold  . . .     Gourm    .     I - +0 shield
rNeg   + . .     Faith    .     (helmet restricted)
rPois  .         Spirit   .     (no amulet)
rElec  .         Reflect  .     l - ring of positive energy
rCorr  .         Harm     .     F - ring of protection from magic
MR     +....                    (no ring)
Stlth  +++++.....               (no ring)
                                (no ring)
                                (no ring)
                                (no ring)
                                (no ring)

@: very slightly contaminated, hasted, very quick
A: almost no armour, stealthy swim, amphibious, 8 rings, constrict 8, camouflage
1, gelatinous body 1
a: Receive Corpses, Renounce Religion


You were on level 10 of the Dungeon.
You worshipped Kikubaaqudgha.
Kikubaaqudgha was most pleased with you.
You were not hungry.

You visited 2 branches of the dungeon, and saw 11 of its levels.
You also visited: Ossuary.

You collected 354 gold pieces.

Inventory:

Hand Weapons
 a - a +4 long sword of freezing (weapon)
 b - a +0 dagger
 c - a +0 great sword
 x - a +0 long sword
 N - a +5 scimitar
Missiles
 D - 3 throwing nets (quivered)
Armour
 w - a +0 large shield
 I - a +0 shield (worn)
Magical Staves
 t - an uncursed staff of conjuration {unknown}
Jewellery
 l - a ring of positive energy (left tentacle)
 q - a -3 ring of slaying
 F - a ring of protection from magic (right tentacle)
Wands
 n - a wand of lightning (10/15)
Scrolls
 f - 3 scrolls of remove curse
 g - 6 scrolls of random uselessness
 i - a scroll of teleportation {unknown}
 o - 4 scrolls of identify
 p - a scroll of recharging {unknown}
 r - a scroll of fog
 v - 4 scrolls of amnesia
 y - a scroll of enchant weapon {unknown}
 C - a scroll of magic mapping
 E - 2 scrolls of blinking {unknown}
Potions
 k - 2 potions of flight
 s - a potion of cancellation
 z - a potion of lignification
 A - 2 potions of haste
 H - a potion of curing
 K - a potion of ambrosia {unknown}
 M - a potion of cure mutation {unknown}
 P - a potion of degeneration {unknown}
Books
 G - Kikubaaqudgha's Tome of Dark Magic
   (Kikubaaqudgha gifted it to you on level 6 of the Dungeon)

   Spells                             Type                      Level
   a - Animate Skeleton               Necromancy                   1
   b - Corpse Rot                     Necromancy                   2
   c - Sublimation of Blood           Necromancy                   2
   d - Regeneration                   Charms/Necromancy            3
   e - Control Undead                 Necromancy                   4
 J - a book of Enchantments

   Spells                             Type                      Level
   a - Cause Fear                     Hexes                        4
   b - Yara's Violent Unravelling     Hexes/Transmutation          5
   c - Silence                        Hexes/Air                    5
   d - Deflect Missiles               Charms/Air                   6
   e - Discord                        Hexes                        8
 L - Kikubaaqudgha's Catalogue of Stolen Souls
   (Kikubaaqudgha gifted it to you on level 7 of the Dungeon)

   Spells                             Type                      Level
   a - Excruciating Wounds            Charms/Necromancy            5
   b - Bolt of Draining               Conjuration/Necromancy       5
   c - Cigotuvi's Embrace             Necromancy                   5
   d - Dispel Undead                  Necromancy                   5
   e - Death Channel                  Necromancy                   6
Comestibles
 d - 6 bread rations
 j - 4 meat rations
 m - 9 slices of pizza
 u - 2 fruits
 B - 5 beef jerkies
 O - 2 chunks of flesh


   Skills:
 + Level 8.2 Fighting
 + Level 7.8 Long Blades
 - Level 3.0 Dodging
 - Level 10.1 Stealth
 - Level 3.0 Shields
 + Level 5.0 Necromancy


You had 6 spell levels left.
You knew the following spells:

 Your Spells              Type           Power        Failure   Level  Hunger
a - Regeneration          Chrm/Necr      #.........   99%         3    ####...


Dungeon Overview and Level Annotations

Branches:
Dungeon (11/15)            Temple (1/1) D:5             Orc (0/2) D:11
   Lair: D:8-11

Altars:
Ashenzari
Cheibriados
Dithmenos
Elyvilon
Fedhas
Gozag
Hepliaklqana
Kikubaaqudgha
Makhleb
Nemelex Xobeh
Okawaru
Qazlal
Sif Muna
Trog
Uskayaw
Vehumet
Xom
Yredelemnul
Zin
The Shining One

Annotations:
D:4 exclusion: slave, Dowan, Duvessa
D:6 muxecoid's ghost, novice HEWn


Innate Abilities, Weirdness & Mutations

You cannot wear most types of armour.
You are very stealthy in the water. (Stealth+)
You are amphibious.
You can wear up to eight rings at the same time.
You can use your tentacles to constrict eight enemies at once.
Your skin changes colour to match your surroundings (Stealth+).
Your rubbery body absorbs attacks. (AC +1, EV +1)


Message History

The hippogriff is heavily wounded.
The centaur warrior zombie closely misses you.
You block the hippogriff's attack. The hippogriff closely misses you. x2
You hit the hippogriff. You freeze the hippogriff.
The hippogriff is severely wounded.
The centaur warrior zombie hits you. The hippogriff bites you!
* * * LOW HITPOINT WARNING * * *
The hippogriff barely misses you. The hippogriff claws you.
* * * LOW HITPOINT WARNING * * *
You slash the hippogriff! You freeze the hippogriff.
The hippogriff is almost dead.
The centaur warrior zombie hits you.
* * * LOW HITPOINT WARNING * * *
You barely miss the hippogriff.
The hippogriff is almost dead.
The centaur warrior zombie hits you.
* * * LOW HITPOINT WARNING * * *
You block the hippogriff's attack. The hippogriff pecks you.
You die...
Kikubaaqudgha rasps: "You have failed me!
Welcome... death!"

.###
.##########...
W...........#
............#
............#
.......>....#
............#
.........HZ.#
.........@..#
#############


You could see a hippogriff and a centaur warrior zombie.

Vanquished Creatures
  A two-headed ogre (D:7)
  A yak (D:7)
  3 hogs (D:7)
  A human (D:7)
  Menkaure (D:4)
  A water moccasin (D:7)
  A necrophage (D:7)
  2 ogres (D:7)
  A centaur (D:7)
  A big kobold (D:7)
  4 bullfrogs
  2 scorpions
  3 killer bees (D:7)
  5 wights (D:7)
  A crimson imp (D:6)
  A centaur zombie (D:7)
  A bullfrog zombie (D:6)
  A centaur skeleton (D:4)
  3 hounds
  Crazy Yiuf (D:5)
  4 bullfrog skeletons
  An orc priest (D:4)
  2 gnoll shamans
  4 orc wizards
  7 worker ants
  6 big kobold zombies (Ossuary)
  A mummy (Ossuary)
  A worker ant zombie (D:5)
  Robin (D:4)
  9 gnolls
  7 adders
  An adder skeleton (D:8)
  5 worms
  3 dart slugs (D:1)
  3 leopard geckos
  16 orcs
  2 spectral bats (Ossuary)
  6 bats
  8 giant cockroaches
  15 goblins
  9 hobgoblins
  6 jackals
  6 quokkas
  A ball python (D:4)
  A ball python skeleton (D:5)
  5 bat simulacra (Ossuary)
  4 frilled lizards
  6 gnoll zombies (Ossuary)
  A goblin simulacrum (Ossuary)
  6 goblin zombies
  7 hobgoblin zombies (Ossuary)
  15 kobolds
  A kobold simulacrum (Ossuary)
  4 kobold zombies
  3 orc zombies (Ossuary)
  8 rats
  5 rat simulacra (Ossuary)
  4 spectral goblins (Ossuary)
  4 spectral kobolds (Ossuary)
  2 spectral rats (Ossuary)
235 creatures vanquished.

Vanquished Creatures (others)
  A quokka (D:4)
1 creature vanquished.

Grand Total: 236 creatures vanquished

Notes
Turn   | Place    | Note
-------+----------+-------------------------------------------
     0 | D:1      | McCoppin the Octopode Fighter began the quest for the Orb.
     0 | D:1      | Reached XP level 1. HP: 16/16 MP: 1/1
    33 | D:1      | Reached skill level 1 in Stealth
    57 | D:1      | Reached skill level 2 in Stealth
    61 | D:1      | Reached XP level 2. HP: 17/21 MP: 2/2
   258 | D:1      | Reached skill level 3 in Stealth
   428 | D:1      | Reached XP level 3. HP: 26/26 MP: 3/3
   464 | D:1      | Reached skill level 4 in Stealth
  1124 | D:2      | Reached skill level 5 in Stealth
  1153 | D:2      | Reached XP level 4. HP: 31/31 MP: 4/4
  1860 | D:3      | Found a sparkling altar of Nemelex Xobeh.
  1878 | D:3      | Found a blossoming altar of Fedhas.
  1906 | D:3      | Found a bloodstained altar of Trog.
  1951 | D:3      | Found a shadowy altar of Dithmenos.
  2026 | D:3      | Reached skill level 6 in Stealth
  2368 | D:4      | Reached XP level 5. HP: 5/36 MP: 5/5
  2628 | D:4      | Noticed Robin
  2651 | D:4      | Killed Robin
  2651 | D:4      | Reached skill level 7 in Stealth
  2775 | D:4      | Noticed Duvessa
  2789 | D:4      | Noticed Dowan
  2806 | D:4      | Found a stormy altar of Qazlal.
  2817 | D:4      | Found a white marble altar of Elyvilon.
  2839 | D:4      | Found a deep blue altar of Sif Muna.
  2935 | D:4      | Reached skill level 8 in Stealth
  2935 | D:4      | Reached XP level 6. HP: 13/42 MP: 6/6
  3187 | D:4      | Noticed Menkaure
  3273 | D:4      | Killed Menkaure
  3273 | D:4      | Reached skill level 9 in Stealth
  3490 | D:4      | Noticed a slave
  3652 | D:4      | Reached XP level 7. HP: 36/46 MP: 7/7
  3767 | D:4      | Reached skill level 10 in Stealth
  4039 | D:4      | Noticed a hippogriff
  4089 | D:5      | Entered Level 5 of the Dungeon
  4173 | D:5      | Found a staircase to the Ecumenical Temple.
  4181 | Temple   | Entered the Ecumenical Temple
  4387 | Temple   | Became a worshipper of Kikubaaqudgha
  4482 | D:5      | Found a bloodstained altar of Trog.
  5260 | D:5      | Found a runed door.
  5323 | D:5      | Noticed Crazy Yiuf
  5328 | D:5      | Killed Crazy Yiuf
  5427 | D:6      | Reached * piety under Kikubaaqudgha
  5427 | D:6      | Identified Kikubaaqudgha's Tome of Dark Magic (Kikubaaqudgha gifted it to you on level 6 of the Dungeon)
  5427 | D:6      | Received a gift from Kikubaaqudgha
  5427 | D:6      | Reached XP level 8. HP: 38/54 MP: 8/8
  5529 | D:6      | Learned a level 3 spell: Regeneration
  5685 | D:6      | Found a sand-covered staircase.
  5725 | Ossuary  | Entered an ossuary
  6124 | Ossuary  | Reached ** piety under Kikubaaqudgha
  6254 | Ossuary  | Reached skill level 5 in Fighting
  6875 | D:6      | Noticed muxecoid's ghost (novice HEWn)
  7128 | D:6      | Reached skill level 5 in Long Blades
  8206 | D:7      | Reached skill level 1 in Necromancy
  8206 | D:7      | Reached XP level 9. HP: 63/63 MP: 9/9
  8428 | D:7      | Noticed a two-headed ogre
  8471 | D:7      | Reached *** piety under Kikubaaqudgha
  8471 | D:7      | Identified Kikubaaqudgha's Catalogue of Stolen Souls (Kikubaaqudgha gifted it to you on level 7 of the Dungeon)
  8471 | D:7      | Received a gift from Kikubaaqudgha
  8553 | D:7      | HP: 3/96 [hog (7)]
  8564 | D:7      | HP: 5/144 [yak (8)]
  8907 | D:7      | Killed a two-headed ogre
  9487 | D:7      | Found a hazy altar of Hepliaklqana.
  9539 | D:7      | Reached XP level 10. HP: 51/72 MP: 10/10
  9742 | D:8      | Found a shimmering altar of Xom.
  9742 | D:8      | Found a white marble altar of Elyvilon.
  9742 | D:8      | Found an opulent altar of Gozag.
  9797 | D:8      | You fall through a shaft for 3 floors!
  9801 | D:11     | Reached skill level 5 in Necromancy
  9842 | D:10     | Entered Level 10 of the Dungeon
  9859 | D:10     | HP: 2/72 [centaur warrior zombie (6)]
  9859 | D:10     | Slain by a hippogriff

Skill      XL: |  1  2  3  4  5  6  7  8  9 10 |
---------------+-------------------------------+-----
Stealth        | 2 3 5 6 8 9 10 | 10.1
Long Blades    | 3 6 7 |  7.8
Fighting       | 4 6 8 |  8.2
Necromancy     | 1 4 5 |  5.0
Dodging        | |  3.0
Shields        | |  3.0

Action                   |  1- 3 |  4- 6 |  7- 9 | 10-12 || total
-------------------------+-------+-------+-------+-------++-------
Melee: Long sword        |    52 |    97 |   370 |    22 ||   541
       Constrict         |    15 |    32 |    81 |     4 ||   132
       Tentacles         |    13 |    28 |    90 |     5 ||   136
       Dagger            |       |       |     9 |       ||     9
  Use: Scroll            |       |     2 |     3 |     4 ||     9
       Potion            |       |     4 |     7 |     2 ||    13
 Stab: Sleeping          |    12 |    15 |    31 |     1 ||    59
       Distracted        |       |       |     3 |       ||     3
  Eat: Chunk             |     1 |     4 |     9 |     1 ||    15
       Bread ration      |       |     1 |     1 |       ||     2
       Meat ration       |       |       |     1 |       ||     1
Armor: Skin              |     4 |     6 |   112 |     4 ||   126
Dodge: Dodged            |    18 |    43 |   118 |    16 ||   195
Block: Shield            |    16 |    29 |   193 |    18 ||   256
       Rpst.: Long sword |     4 |    17 |    37 |     3 ||    61
